 Dungeon Crawl Stone Soup version 0.26-a0-1139-g7d2dc893a1 (webtiles) character file.

Game seed: 14421135916977478980

6570 dolemite99 the Nimble (level 10, -9/53 HPs)
             Began as a Spriggan Venom Mage on Dec 22, 2020.
             Was an Initiate of Gozag.
             Mangled by a boulder beetle (57 damage)
             ... on level 11 of the Dungeon.
             The game lasted 00:42:19 (25824 turns).

dolemite99 the Nimble (Spriggan Venom Mage)        Turns: 25824, Time: 00:42:20

Health: -9/53      AC:  4    Str:  7    XL:     10   Next: 70%
Magic:  12/16      EV: 27    Int: 24    God:    Gozag
Gold:   791        SH:  0    Dex: 22    Spells: 5/15 levels left

rFire    . . .     SeeInvis +   b - +0 hunting sling (venom)
rCold    . . .     Faith    .   (shield restricted)
rNeg     . . .     Spirit   .   j - +2 robe
rPois    .         Reflect  .   (helmet restricted)
rElec    .         Harm     .   (no cloak)
rCorr    .         Rampage  .   (gloves unavailable)
Will     +....                  (boots unavailable)
Stlth    +++.......             (no amulet)
HPRegen  0.17/turn              o - +6 ring of dexterity
MPRegen  0.15/turn              F - +6 ring of intelligence {=R}

@: very quick
A: very small, unfitting armour, see invisible, speed 3
a: Renounce Religion, Potion Petition, Call Merchant, Bribe Branch


You were on level 11 of the Dungeon.
You worshipped Gozag.
Gozag was pleased with you.
You visited 1 branch of the dungeon, and saw 11 of its levels.

You collected 2095 gold pieces.
You spent 675 gold pieces at shops.
You paid 629 gold pieces to Gozag.

Inventory:

Hand Weapons
 a - a +0 dagger
 b - a +0 hunting sling of venom (weapon)
 d - a +2 hand axe of flaming
 e - a +0 whip
 g - a +0 short sword
 i - a +4 short sword
 l - a +0 quarterstaff
 w - a +2 falchion of draining
 A - a +0 club
Missiles
 c - 368 stones
 h - 24 sling bullets (quivered ammo)
 q - 38 poisoned darts
 x - 3 boomerangs of dispersal
 y - 3 boomerangs
 D - a throwing net
Armour
 j - a +2 robe (worn)
Jewellery
 o - a +6 ring of dexterity (left hand)
 t - an uncursed ring of flight
 v - an uncursed ring of protection from cold
 F - a +6 ring of intelligence (right hand) {=R}
Scrolls
 f - 2 scrolls of enchant armour
 p - 2 scrolls of magic mapping
 r - a scroll of remove curse {@r2}
 u - 11 scrolls of teleportation
 E - 2 scrolls of fog
Potions
 k - a potion of might
 m - 2 potions of lignification
 n - 2 potions of curing
 s - 3 potions of heal wounds
 z - a potion of magic
 B - a potion of cancellation
 C - a potion of brilliance
 G - a potion of ambrosia
 H - a potion of haste {unknown}
 J - a potion of attraction {unknown}
Miscellaneous
 I - a phantom mirror (inert)


   Skills:
 - Level 6.6 Fighting
 - Level 2.3 Short Blades
 - Level 5.6(6.0) Slings
 - Level 2.2(3.7) Throwing
 - Level 9.4 Dodging
 - Level 4.0 Stealth
 + Level 3.4 Spellcasting
 - Level 6.0 Transmutations
 - Level 3.3 Air Magic
 - Level 8.0 Poison Magic
 - Level 7.2 Evocations


You had 5 spell levels left.
You knew the following spells:

 Your Spells              Type           Power        Failure   Level
a - Sting                 Tmut/Pois      100%         1%          1
b - Poisonous Vapours     Pois/Air       62%          1%          2
c - Mephitic Cloud        Conj/Pois/Air  22%          7%          3
d - Olgreb's Toxic Radia  Pois           42%          3%          4

Your spell library contained the following spells:

 Spells                   Type           Power        Failure   Level
 Beastly Appendage        Tmut           66%          1%          1
 Wereblood                Tmut           33%          1%          2
 Spider Form              Tmut/Pois      19%          1%          3
 Ignite Poison            Fire/Tmut/Pois 26%          4%          3
 Blade Hands              Tmut           16%          24%         5
 Ice Form                 Ice/Tmut       18%          30%         4


Dungeon Overview and Level Annotations

Branches:
Dungeon (11/15)            Temple (0/1) D:4             Orc (0/2) D:9
   Lair: D:8-11

Altars:
Ashenzari
Elyvilon
Fedhas
Gozag
Okawaru
Ru
Uskayaw
Vehumet
Xom

Shops:
D:7 =   D:10 ?


Innate Abilities, Weirdness & Mutations

You are very small and have problems with some larger weapons.
You are too small for most types of armour.
You have supernaturally acute eyesight. (SInv)
You cover ground extremely quickly.


Message History

Press: ? - help, Dir - move target, f/p - boulder beetle
Aim: a boulder beetle Poisonous vapours surround the boulder beetle!
The boulder beetle is engulfed in poison gas.
The boulder beetle is poisoned.
The boulder beetle closely misses you.
The boulder beetle stops rolling and uncurls.
Casting: Poisonous Vapours (safe; 1% risk of failure)
Confirm with . or Enter, or press ? or * to list all spells.
Aiming: Poisonous Vapours (safe; 1% risk of failure)
Press: ? - help, Dir - move target, f/p - boulder beetle
Aim: a boulder beetle (lightly wounded, poisoned) Poisonous vapours surround the boulder beetle!
The boulder beetle is engulfed in poison gas.
The boulder beetle looks even sicker.
The boulder beetle curls into a ball and begins rolling!
A wight comes into view. It is wielding a +0 spear.
The boulder beetle hits you!!!
Ouch! That really hurt!
You die...
Your body crumbles into a pile of gold.

P........$. ..............#
.P......... ..............#
.P.PP.....................#
P..PP............B........#
##.......... .............#
#...^.###. .##..°.z....#
#..°z.........
#..°.........#
#@B..#.##....#
#...#........#
#...#...#....# ..'...#...#
...# ....#...##z## .
.....#.z.. .. .... #.....
.. #### #...... ...##+#


You could see a boulder beetle (very poisoned), 3 wights and a friendly boulder
beetle (summoned, drained).

Vanquished Creatures
  4 trolls
  A wyvern (D:9)
  A shadow (D:9)
  2 yaks (D:9)
  A steam dragon (D:7)
  2 ice beasts
  4 sky beasts
  4 orc warriors
  5 ogres
  An eye of draining (D:10)
  2 phantoms
  4 centaurs
  13 bullfrogs
  A scorpion (D:9)
  13 killer bees
  5 wights
  A crimson imp (D:5)
  3 howler monkeys
  2 quasits
  5 orc priests
  A jelly (D:6)
  4 hounds
  2 centaur skeletons
  2 bullfrog skeletons
  2 iguanas
  6 orc wizards
  6 worker ants
  A killer bee zombie (D:7)
  5 ogre zombies (D:9)
  A howler monkey zombie (D:5)
  A worker ant zombie (D:5)
  11 adders
  2 shadow imps
  3 white imps
  An ufetubus (D:10)
  2 oozes
  4 worms
  2 dart slugs
  7 leopard geckos
  39 orcs
  A ball python (D:2)
  7 giant cockroaches
  11 hobgoblins
  6 jackals
  10 quokkas
  7 bats
  2 frilled lizards
  6 goblins
  2 goblin skeletons (D:9)
  A hobgoblin skeleton (D:9)
  4 hobgoblin zombies (D:9)
  A jackal zombie (D:7)
  10 kobolds
  2 leopard gecko zombies
  3 orc skeletons (D:9)
  14 orc zombies (D:9)
  2 quokka zombies (D:6)
  9 rats
274 creatures vanquished.

Vanquished Creatures (others)
  A hound (D:6)
  A ball python (D:6)
  9 fungi (D:11)
  19 plants
30 creatures vanquished.

Grand Total: 304 creatures vanquished

Notes
Turn   | Place    | Note
-------+----------+-------------------------------------------
     0 | D:1      | dolemite99 the Spriggan Venom Mage began the quest for the
                  | Orb.
     0 | D:1      | Reached XP level 1. HP: 9/9 MP: 5/5
   676 | D:1      | Reached XP level 2. HP: 14/14 MP: 1/6
  2816 | D:1      | Reached XP level 3. HP: 17/17 MP: 6/8
  3082 | D:1      | Reached skill level 1 in Fighting
  4117 | D:2      | Found a sacrificial altar of Ru.
  4325 | D:2      | Reached skill level 1 in Short Blades
  4793 | D:2      | Reached XP level 4. HP: 22/22 MP: 7/9
  5953 | D:3      | Reached skill level 1 in Evocations
  6081 | D:3      | Found a white marble altar of Elyvilon.
  6089 | D:3      | Reached XP level 5. HP: 24/25 MP: 6/10
  7217 | D:4      | Found a hide-covered altar of Uskayaw.
  7217 | D:4      | Noticed a +0 dagger
  7217 | D:4      | Noticed a +0 hand axe
  7261 | D:5      | Entered Level 5 of the Dungeon
  7276 | D:5      | Learned a level 2 spell: Poisonous Vapours
  7280 | D:5      | Learned a level 3 spell: Mephitic Cloud
  7407 | D:5      | Found an opulent altar of Gozag.
  7415 | D:5      | Became a worshipper of Gozag Ym Sagoz the Greedy
  7453 | D:5      | Reached skill level 1 in Throwing
  8232 | D:5      | Reached skill level 1 in Air Magic
  8232 | D:5      | Reached XP level 6. HP: 30/30 MP: 4/11
  8314 | D:5      | Noticed a neqoxec
  8314 | D:5      | a crimson imp changed into a neqoxec
  8317 | D:5      | Noticed a smoke demon
  8317 | D:5      | a neqoxec changed into a smoke demon
  9696 | D:4      | Found a staircase to the Ecumenical Temple.
  9785 | D:4      | Reached XP level 7. HP: 34/34 MP: 1/12
 10930 | D:5      | Learned a level 4 spell: Olgreb's Toxic Radiance
 11025 | D:5      | Reached skill level 4 in Dodging
 11788 | D:4      | Reached skill level 5 in Transmutations
 11934 | D:4      | Reached skill level 5 in Dodging
 11934 | D:4      | Reached XP level 8. HP: 32/40 MP: 13/13
 12645 | D:6      | Found a radiant altar of Vehumet.
 12737 | D:6      | Reached skill level 6 in Dodging
 12737 | D:6      | Reached skill level 5 in Poison Magic
 13269 | D:6      | Reached skill level 5 in Evocations
 13402 | D:6      | Found an iron altar of Okawaru.
 14146 | D:7      | Reached XP level 9. HP: 45/45 MP: 8/14
 14865 | D:7      | Reached skill level 7 in Dodging
 16235 | D:8      | Reached skill level 1 in Slings
 17233 | D:8      | Found a blossoming altar of Fedhas.
 17646 | D:8      | Found a broken altar of Ashenzari.
 17858 | D:8      | Reached skill level 5 in Fighting
 18109 | D:7      | Bought an uncursed ring of protection from cold for 375
                  | gold pieces
 18249 | D:9      | Found a shimmering altar of Xom.
 18554 | D:9      | Noticed a troll
 18577 | D:9      | Killed a troll
 19353 | D:9      | Reached skill level 5 in Slings
 20773 | D:9      | Found a staircase to the Orcish Mines.
 20826 | D:9      | Reached XP level 10. HP: 30/53 MP: 12/15
 21817 | D:9      | Reached skill level 8 in Dodging
 22395 | D:9      | Learned a level 3 spell: Spider Form
 22864 | D:10     | Entered Level 10 of the Dungeon
 22948 | D:10     | Found Kewnuas's Magic Scroll Emporium.
 22953 | D:10     | Bought a scroll of brand weapon for 240 gold pieces
 22954 | D:10     | Bought a scroll of fog for 24 gold pieces
 22954 | D:10     | Bought a scroll of teleportation for 36 gold pieces
 24147 | D:10     | Reached skill level 9 in Dodging
 25812 | D:11     | Noticed a boulder beetle
 25824 | D:11     | Mangled by a boulder beetle

Illustrated notes

Levels and vault maps discovered:
D:1:      roderic_chinese_lattice_arrival, layout_rooms
D:2:      layout_rooms, marbit_many_paths, minmay_crystal_room
D:3:      layout_rooms, elyvilon_altar_1
D:4:      layout_gridville, dancing_weapons_uskayaw,
          minmay_temple_entry_overgrown
D:5:      minmay_diamond_boxcup, layout_basic, lemuel_coloured_pillars_altar
D:6:      layout_loops_ring, okawaru_gym_becter, fiery_altar_vehumet
D:7:      layout_basic
D:8:      layout_rooms, kennysheep_mini, evilmike_ruin_ashenzari,
          minmay_hedge_maze
D:9:      layout_grid_maze, kennysheep_mini_moat, zombieorc2_lemuel,
          kennysheep_generic_room_16
D:10:     layout_cave_pods, serial_shops, kennysheep_little_box, serial_glass,
          glass_columns_b, glass_columns_b, glass_columns_a, glass_columns_a,
          chequers_serial_rivers_micro_c
D:11:     layout_stronghold, grunt_lair_entry_orc_guard_hut,
          serial_column_ruins, column_ruins_hut, column_ruins_hut_ruined,
          column_ruins_grid_1, column_ruins_columns_corner,
          column_ruins_open_medium, column_ruins_grid_1, column_ruins_grid_1,
          serial_shops, nicolae_shop_stone, uniq_urug

Skill      XL: |  1  2  3  4  5  6  7  8  9 10 |
---------------+-------------------------------+-----
Transmutations | 2 3 5 6 |  6.0
Fighting       | 1 3 5 6 |  6.6
Stealth        | 4 |  4.0
Short Blades   | 1 2 |  2.3
Evocations     | 2 3 6 7 |  7.2
Throwing       | 2 |  2.2
Air Magic      | 1 3 |  3.3
Dodging        | 5 6 7 9 |  9.4
Poison Magic   | 4 5 8 |  8.0
Slings         | 5 |  5.6
Spellcasting   | 3 |  3.4

Action                   |  1- 3 |  4- 6 |  7- 9 | 10-12 || total
-------------------------+-------+-------+-------+-------++-------
Melee: Club              |     6 |       |       |       ||     6
       Whip              |     9 |       |       |       ||     9
       Short sword       |     2 |    43 |    72 |       ||   117
       Dagger            |       |    32 |    13 |     3 ||    48
       Hand axe          |       |    17 |       |       ||    17
 Fire: Hunting sling     |       |       |   238 |   217 ||   455
Throw: Stone             |     3 |       |       |       ||     3
       Dart              |       |     8 |    14 |       ||    22
       Boomerang         |       |     8 |    88 |       ||    96
 Cast: Sting             |    79 |    48 |    35 |    13 ||   175
       Poisonous Vapours |       |    51 |   130 |    73 ||   254
       Mephitic Cloud    |       |       |       |     3 ||     3
Invok: Call Merchant     |       |       |     1 |       ||     1
Evoke: Wand              |       |     3 |    14 |       ||    17
       Phantom mirror    |       |       |       |     1 ||     1
  Use: Scroll            |     3 |    10 |    14 |     4 ||    31
 Stab: Sleeping          |     1 |     2 |       |       ||     3
Armor: Robe              |     1 |     8 |    26 |     2 ||    37
Dodge: Dodged            |    31 |    94 |   241 |    94 ||   460

Table legend: (Time is in decaauts)
 A = Elapsed time spent in this place.
 B = Non-inter-level travel time spent in this place.
 C = Inter-level travel time spent in this place.
 D = Time resting spent in this place.
 E = Time spent auto-exploring this place.
 F = Levels seen in this place.
 G = Mean time per level.
                   A        B        C        D        E       F      G
               +--------+--------+--------+--------+--------+-----+--------+
         Total |  22415 |  22148 |    267 |  14572 |   4250 |  11 | 2037.7 |
       Dungeon |  22415 |  22148 |    267 |  14572 |   4250 |  11 | 2037.7 |
               +--------+--------+--------+--------+--------+-----+--------+

Top non-repeatable levels by time:
     D:9: 4075 daAuts
     D:1: 3220 daAuts
     D:5: 2439 daAuts
     D:2: 2407 daAuts
    D:10: 2209 daAuts
     D:7: 2134 daAuts
     D:4: 1855 daAuts
     D:6: 1526 daAuts
     D:8: 1344 daAuts
     D:3: 911 daAuts
    D:11: 293 daAuts
